 Dungeon Crawl Stone Soup version 0.27.1-33-g824d729ab1 (webtiles) character file.

Game seed: 9823384823482178290

26 Argetlam the Skirmisher (level 3, 0/60 HPs)
             Began as an Ogre Berserker on Dec 10, 2021.
             Was a Follower of Trog.
             Slain by a hobgoblin (1 damage)
             ... on level 2 of the Dungeon.
             The game lasted 00:06:20 (2284 turns).

Argetlam the Skirmisher (Ogre Berserker)            Turns: 2284, Time: 00:06:21

Health: 0/60       AC:  3    Str: 22    XL:     3   Next: 8%
Magic:  3/3        EV: 10    Int:  8    God:    Trog [*.....]
Gold:   82         SH:  0    Dex:  8    Spells: 2/2 levels left

rFire    . . .     SeeInvis .   a - +0 spear
rCold    . . .     Faith    .   (no shield)
rNeg     . . .     Spirit   .   b - +0 animal skin
rPois    .         Reflect  .   (helmet restricted)
rElec    .         Harm     .   (no cloak)
rCorr    .         Rampage  .   (gloves unavailable)
Will     .....                  (boots unavailable)
Stlth    ..........             (no amulet)
HPRegen  0.20/turn              (no ring)
MPRegen  0.08/turn              (no ring)

@: berserking, lethally poisoned (0 -> -1), very quick
A: large, unfitting armour, tough skin 1
a: Renounce Religion, Berserk


You were on level 2 of the Dungeon.
You worshipped Trog.
Trog was aware of your devotion.
You visited 1 branch of the dungeon, and saw 2 of its levels.

You collected 82 gold pieces.

Inventory:

Hand Weapons
 a - a +0 spear (weapon)
 k - a +0 dagger of venom
 l - a +2 quarterstaff of draining
Missiles
 g - 20 bolts
Armour
 b - a +0 animal skin (worn)
 h - the +0 leather armour "Donainlu" {rC+ Will- Dex+5}
   (You found it on level 1 of the Dungeon)

   Dex:       It affects your dexterity (+5).
   rC:        It protects you from cold.
   Will:      It decreases your willpower.
Scrolls
 f - a scroll of blinking {unknown}
 m - a scroll of amnesia {unknown}
Potions
 c - a potion of attraction {unknown}
 d - 2 potions of flight {unknown}
 e - a potion of cancellation {unknown}
 i - 2 potions of heal wounds {unknown}
 j - a potion of berserk rage {unknown}
 n - a potion of ambrosia {unknown}
 o - a potion of haste {unknown}


   Skills:
 + Level 4.4 Fighting
 + Level 3.5 Polearms
 + Level 3.0 Dodging


You had 2 spell levels left.
You didn't know any spells.
Your spell library contained the following spells:

 Spells                   Type           Power      Damage    Failure   Level
 Shock                    Conj/Air       0%         1d3       41%         1
 Swiftness                Air            0%         N/A       78%         3
 Airstrike                Air            0%         N/A       99%         4


Dungeon Overview and Level Annotations

Branches:
Dungeon (2/15)

Altars:


Innate Abilities, Weirdness & Mutations

You are too large for most types of armour.
You have tough skin. (AC +1)


Message History

You feel sick. The rat bites you but does no damage.
The adder barely misses you. The goblin hits you with a +0 club.
You hit the adder.
The adder is almost dead.
You feel sick. The adder bites you.
* * * LOW HITPOINT WARNING * * *
The rat bites you.
* * * LOW HITPOINT WARNING * * *
A red film seems to cover your vision as you go berserk!
You feel yourself moving faster!
You feel mighty!
You feel sick. The adder bites you.
* * * LOW HITPOINT WARNING * * *
The rat barely misses you.
You closely miss the adder.
The adder is almost dead.
The adder bites you but does no damage. The goblin hits you with a +0 club.
* * * LOW HITPOINT WARNING * * *
The rat bites you but does no damage.
You closely miss the adder.
The adder is almost dead.
* * * LOW HITPOINT WARNING * * *
You feel sick. The adder closely misses you.
The hobgoblin hits you but does no damage.
The goblin barely misses you.
You puncture the adder!
You kill the adder!
Trog accepts your kill.
* * * LOW HITPOINT WARNING * * *
You feel sick. The rat closely misses you.
Your Dodging skill increases to level 3!
You have reached level 3!
Your experience leads to an increase in your attributes!
Increase (S)trength, (I)ntelligence, or (D)exterity?
You feel stronger. x2
You are too berserk!
You puncture the rat!
You kill the rat!
Trog accepts your kill. The hobgoblin hits you.
You die...

#.. .. ###.###
......# #.....#
g....###.....#
......#.....#
...........# .
......gg..# ... ##..
#.†@..#
....###..###.....###
................>...(
...##..###......####
##..#....#####
#######..#..##.#
...†..##...###.# ##.
..♣...###..# #..##
##.. ......###..#
#...###<.#


You could see a hobgoblin and a goblin.

Vanquished Creatures
  An adder (D:2)
  An endoplasm (D:2)
  5 hobgoblins
  2 kobolds (D:2)
  2 quokkas (D:1)
  A ball python (D:1)
  4 bats
  A rat (D:2)
17 creatures vanquished.

Vanquished Creatures (others)
  A plant (D:2)
1 creature vanquished.

Grand Total: 18 creatures vanquished

Notes
Turn   | Place    | Note
-------+----------+-------------------------------------------
     0 | D:1      | Argetlam the Ogre Berserker began the quest for the Orb.
     0 | D:1      | Reached XP level 1. HP: 24/24 MP: 1/1
   625 | D:1      | Found a faded altar of an unknown god.
   823 | D:1      | Identified the +0 leather armour "Donainlu" {rC+ Will-
                  | Dex+5}
  1379 | D:1      | Reached XP level 2. HP: 29/32 MP: 2/2
  2282 | D:2      | HP: 2/48 [poisoned by an adder]
  2284 | D:2      | Reached XP level 3. HP: 1/40 MP: 3/3
  2284 | D:2      | Slain by a hobgoblin

Illustrated notes

Levels and vault maps discovered:
D:1:      minmay_arrival_loop, layout_basic, hellmonk_ecumenical_altar_lost_god
D:2:      layout_rooms, corexii_shack, kennysheep_generic_room_10, uniq_jessica

Skill      XL: |  1  2 |
---------------+-------+-----
Dodging        | 3 |  3.0
Fighting       | |  4.4
Polearms       | |  3.5

Action                   || total
-------------------------++-------
Melee: Spear             ||    62
Invok: Berserk           ||     2
  Use: Scroll            ||     2
Armor: Animal skin       ||    36
Dodge: Dodged            ||    49
